 Dungeon Crawl Stone Soup version 0.32-a0-931-g5a2cda0630 (webtiles) character file.

Game seed: 8474599917146641038

7989 jasper the Grappler (level 11, -6/84 HPs)
             Began as a Vampire Shapeshifter on Apr 13, 2024.
             Was a Follower of Makhleb.
             Killed by divine providence
             ... invoked by an orc priest
              (11 damage)
             ... on level 10 of the Dungeon.
             The game lasted 00:14:15 (8345 turns).

jasper the Grappler (Vampire Shapeshifter)          Turns: 8345, Time: 00:14:15

Health: -6/84      AC:  8    Str: 17    XL:     11   Next: 4%
Magic:  11/11      EV: 19    Int: 12    God:    Makhleb [*.....]
Gold:   248        SH:  5    Dex: 15    Spells: 10/10 levels left

rFire   + .          .
                       - Unarmed
rCold   . . .        (shield currently unavailable)
rNeg    . . .        n - melded +7 Kryia's mail coat {PotionHeal*2 rC+}
rPois   .            I - +2 helmet
rElec   .            i - +2 cloak
rCorr   .            A - +0 pair of gloves
SInv    +            u - +0 pair of boots
Will    +....        s - amulet of reflection
Stlth   +            H - ring of protection from fire
HPRegen 0.54/turn    (no ring)
MPRegen 0.12/turn

%: reflection
@: flux-form, healing quickly, glowing
A: glow, contaminating, alive, fangs 3, see invisible, vampiric 2
a: Exsanguinate, Begin Untransformation, Renounce Religion


You were on level 10 of the Dungeon.
You worshipped Makhleb.
Makhleb was aware of your devotion.
You were something dangerously unstable.
You visited 2 branches of the dungeon, and saw 11 of its levels.

You collected 623 gold pieces.
You spent 375 gold pieces at shops.

Inventory:

Missiles
 g - 79 stones (quivered)
 r - 5 javelins
 v - 3 boomerangs
 E - a curare-tipped dart
 G - a throwing net
Armour
 a - a +0 animal skin
 i - a +2 cloak (worn)
 n - the +7 Kryia's mail coat (melded) {PotionHeal*2 rC+}
   (You found it on level 5 of the Dungeon)

   PotionHeal*2: Potions heal its wearer twice as much.
   rC+:       It protects you from cold.
 u - a +0 pair of boots (worn)
 x - +0 steam dragon scales
 y - the +1 leather armour of Calculation {SInv}
   (You found it on level 3 of the Dungeon)

   SInv:      It lets you see invisible.
 A - a +0 pair of gloves (worn)
 F - a +0 buckler
 I - a +2 helmet (worn)
Jewellery
 s - an amulet of reflection (around neck)
 t - an amulet of guardian spirit
 H - a ring of protection from fire (left hand)
Talismans
 c - a beast talisman
 d - a flux talisman (active)
Wands
 j - a wand of warping (9)
 J - a wand of digging (6)
Scrolls
 k - a scroll of teleportation
 m - 3 scrolls of immolation
 o - 5 scrolls of enchant weapon
 w - 4 scrolls of blinking
 C - 2 scrolls of fog
 D - 2 scrolls of vulnerability
 M - a scroll of fear
 O - 4 scrolls of poison
 P - a scroll of brand weapon
Potions
 b - 3 potions of curing
 e - a potion of brilliance
 f - 4 potions of degeneration
 h - 4 potions of might
 l - a potion of berserk rage
 p - 2 potions of enlightenment
 q - a potion of resistance
 z - a potion of cancellation {unknown}
 B - 2 potions of attraction {unknown}
 K - a potion of heal wounds
 L - a potion of invisibility {unknown}
 N - a potion of ambrosia {unknown}
 Q - a potion of haste


   Skills:
 - Level 7.1 Fighting
 - Level 8.8 Dodging
 - Level 4.4 Stealth
 - Level 12.4 Unarmed Combat
 + Level 1.7 Evocations
 - Level 7.0 Shapeshifting


You had 10 spell levels left.
You didn't know any spells.
Your spell library contained the following spells:

 Spells                   Type           Power      Damage    Failure   Level
 Sandblast                Erth           0%         2d4       32%         1
 Shock                    Conj/Air       0%         1d3       32%         1
 Slow                     Hex            0%         N/A       32%         1
 Sting                    Conj/Alch      0%         1d3       32%         1
 Blink                    Tloc           0%         N/A       45%         2
 Lesser Beckoning         Tloc           0%         N/A       45%         2
 Mercury Vapours          Alch/Air       0%         N/A       45%         2
 Momentum Strike          Conj/Tloc      0%         3d8       45%         2
 Static Discharge         Conj/Air       0%         3-3/arc   45%         2
 Confusing Touch          Hex            0%         N/A       69%         3
 Stone Arrow              Conj/Erth      0%         3d7       69%         3
 Swiftness                Air            0%         N/A       69%         3
 Teleport Other           Tloc           0%         N/A       69%         3
 Vampiric Draining        Necr           0%         2d6       69%         3
 Airstrike                Air            0%         2d(0-16)  97%         4
 Brom's Barrelling Bould  Conj/Erth      0%         2d3       97%         4
 Olgreb's Toxic Radiance  Alch           0%         N/A       97%         4
 Summon Lightning Spire   Summ/Air       0%         N/A       97%         4
 Dispersal                Tloc           0%         N/A       100%        6
 Gell's Gavotte           Tloc           0%         2d(11-16) 100%        6


Dungeon Overview and Level Annotations

Branches:
Dungeon (10/15)            Temple (1/1) D:4
   Lair: D:8-11         Orc: D:9-12

Altars:
Ashenzari
Cheibriados
Dithmenos
Fedhas
Gozag
Hepliaklqana
Kikubaaqudgha
Makhleb
Nemelex Xobeh
Okawaru
Qazlal
Ru
Sif Muna
Trog
Uskayaw
Vehumet
Wu Jian
Xom
Yredelemnul

Shops:
D:3 !   D:5 ?


Innate Abilities, Weirdness & Mutations

You are something dangerously unstable.
You glow with magical radiation, making you easy to see and hit.
Foes you strike become dangerously contaminated with magical radiation.
You are incapable of wielding weapons or throwing items.
Your natural rate of healing is accelerated.
You have razor-sharp teeth.
You have supernaturally acute eyesight. (SInv)
You are afflicted with vampirism and can become a bat while bloodless.


Message History

The warg twists and deforms.
The warg is lightly wounded.
The warg misses you.
The orc warrior hits you from afar with a +0 trident.
You take 2 damage, and have 47/84 hp.
You closely miss the warg.
The warg is lightly wounded.
The warg closely misses you.
The orc warrior hits you from afar with a +0 trident!
You take 9 damage, and have 38/84 hp.
You punch the warg!
The warg begins to glow.
The warg is moderately wounded.
The warg completely misses you.
You hit the warg.
The warg glows dangerously bright.
The warg is heavily wounded.
The warg misses you.
The orc wizard gestures wildly while chanting.
The orc wizard flickers and vanishes for a moment.
The orc warrior misses you.
You punch the warg!
The warg shudders as magic cascades through it!!
You kill the warg!
Makhleb accepts your kill.
The orc warrior hits you but does no damage.
An orc priest comes into view. It is wielding a +0 dagger.
The orc priest shouts!
The orc warrior hits you with a +0 trident.
An orc comes into view. It is wielding a +0 club.
The orc warrior hits you from afar with a +0 glaive!
* * * LOW HITPOINT WARNING * * *
An orc wizard comes into view. It is wielding a +0 dagger.
The orc priest mumbles some strange prayers to Beogh against you.
Beogh smites you!
* * * LOW HITPOINT WARNING * * *
Items here: )))))))))) [[[[[[[ ††††††††.
You take 34 damage, and have 5/84 hp.
MASSIVE DAMAGE!!
You closely miss the orc wizard.
The orc priest mumbles some strange prayers to Beogh against you.
Beogh smites you!
You die... .... #. o.).... #....##.... oo..... #......... ....... # ......... o...... . #...... o...... . ...... ooo....

.
#.#.#+####ooo....
.## #........poo#
...#
####...#.#####
#..###....###<#
#.....#### ###
###..####
#####>....#
#...#####.# #.#.#
#.# ..#.#####.#


You could see 2 orc warriors, 3 orc priests, 3 orc wizards and 5 orcs.

Vanquished Creatures
  3 two-headed ogres
  Pikel (D:8)
  Joseph (D:7)
  Jeremiah (D:6)
  Prince Ribbit (D:7)
  A shadow (D:9)
  6 yaks (D:8)
  A wyvern (D:8)
  3 steam dragons
  2 wargs (D:10)
  Edmund (D:4)
  Duvessa (D:6)
  3 water moccasins
  2 black bears (D:7)
  A sky beast (D:7)
  5 centaurs
  An ogre (D:5)
  4 lemures (D:8)
  A phantom (D:5)
  A kobold brigand (D:7)
  3 bullfrogs
  2 gnoll sergeants
  A scorpion (D:7)
  Dowan (D:6)
  4 killer bees (D:8)
  4 howler monkeys
  6 hounds
  A quasit (D:4)
  6 orc priests
  A jelly (D:8)
  Crazy Yiuf (D:6)
  A sleepcap (D:6)
  8 orc wizards
  18 gnolls
  5 adders
  3 shadow imps
  5 white imps
  5 ufetubi
  A dart slug (D:2)
  A ribbon worm (D:2)
  36 orcs
  9 endoplasms
  2 giant cockroaches
  4 hobgoblins
  3 jackals (D:4)
  4 kobolds
  4 ball pythons
  5 bats
  A frilled lizard (D:2)
  6 goblins
  3 goblin skeletons (D:6)
  2 goblin zombies (D:6)
  A hobgoblin zombie (D:6)
  3 orc zombies (D:6)
  5 rats
205 creatures vanquished.

Notes
Turn   | Place    | Note
-------+----------+-------------------------------------------
     0 | D:1      | jasper the Vampire Shapeshifter began the quest for the
                  | Orb.
     0 | D:1      | Reached XP level 1. HP: 14/14 MP: 1/1
   139 | D:1      | Reached skill level 1 in Stealth
   139 | D:1      | Reached XP level 2. HP: 7/20 MP: 2/2
   315 | D:1      | You fall into a shaft and drop 1 floor!
   451 | D:2      | Gained mutation: You are afflicted with vampirism and can
                  | become a bat while bloodless. [Vampire growth]
   451 | D:2      | Reached XP level 3. HP: 19/25 MP: 3/3
   614 | D:2      | Found a faded altar of an unknown god.
  1261 | D:3      | Found Ganiedgh's Distillery.
  1273 | D:3      | Bought a potion of haste for 100 gold pieces
  1273 | D:3      | Bought a potion of curing for 30 gold pieces
  1481 | D:3      | Identified the +1 leather armour of Calculation {SInv}
  1639 | D:3      | Reached XP level 4. HP: 16/31 MP: 4/4
  2173 | D:4      | Reached skill level 5 in Shapeshifting
  2180 | D:4      | Reached XP level 5. HP: 12/36 MP: 5/5
  2310 | D:4      | Found a staircase to the Ecumenical Temple.
  2322 | Temple   | Entered the Ecumenical Temple
  2527 | D:4      | Noticed Edmund
  2540 | D:4      | Killed Edmund
  2541 | D:4      | Reached XP level 6. HP: 42/42 MP: 6/6
  2724 | D:5      | Entered Level 5 of the Dungeon
  2866 | D:5      | Found a transporter.
  3062 | D:6      | Reached skill level 1 in Fighting
  3078 | D:6      | Noticed Jeremiah
  3144 | D:6      | Killed Jeremiah
  3145 | D:6      | Reached skill level 4 in Unarmed Combat
  3145 | D:6      | Reached XP level 7. HP: 24/50 MP: 7/7
  3220 | D:6      | Found an ancient bone altar of Kikubaaqudgha.
  3230 | D:6      | Found a hazy altar of Hepliaklqana.
  3458 | D:6      | Reached skill level 5 in Unarmed Combat
  3676 | D:6      | Identified the +3 sling of Accord {freeze, rF+ Str+3 Int+2
                  | Stlth+}
  3808 | D:6      | Found a runed translucent door.
  3809 | D:6      | Noticed Crazy Yiuf
  4056 | D:6      | Killed Crazy Yiuf
  4179 | D:5      | Found the +7 Kryia's mail coat {PotionHeal*2 rC+}
  4262 | D:6      | Reached XP level 8. HP: 53/57 MP: 8/8
  4511 | D:5      | Reached skill level 6 in Unarmed Combat
  4661 | D:5      | Found a sacrificial altar of Ru.
  4722 | D:5      | Found an opulent altar of Gozag.
  4816 | D:5      | Found a transporter.
  4816 | D:5      | Found Fieliav's Magic Scroll Boutique.
  4897 | D:5      | Bought a scroll of blinking for 105 gold pieces
  4897 | D:5      | Bought a scroll of fog for 56 gold pieces
  4897 | D:5      | Bought a scroll of immolation for 56 gold pieces
  4897 | D:5      | Bought a scroll of identify for 28 gold pieces
  5056 | D:7      | Reached skill level 7 in Unarmed Combat
  5170 | D:7      | Reached skill level 5 in Dodging
  5283 | D:7      | Reached skill level 8 in Unarmed Combat
  5283 | D:7      | Reached XP level 9. HP: 61/65 MP: 9/9
  5442 | D:7      | Noticed Dowan
  5442 | D:7      | Noticed Duvessa
  5520 | D:6      | Killed Duvessa
  5526 | D:6      | Killed Dowan
  5817 | D:7      | Noticed Prince Ribbit
  5820 | D:7      | Noticed Joseph
  5960 | D:7      | Killed Joseph
  5961 | D:7      | Reached skill level 9 in Unarmed Combat
  6057 | D:8      | Reached skill level 5 in Fighting
  6271 | D:8      | Noticed a two-headed ogre
  6277 | D:8      | Killed a two-headed ogre
  6278 | D:8      | Reached skill level 10 in Unarmed Combat
  6368 | D:8      | Found an iron altar of Okawaru.
  6484 | D:8      | Reached XP level 10. HP: 57/76 MP: 10/10
  6641 | D:8      | Reached skill level 11 in Unarmed Combat
  6764 | D:8      | Noticed Pikel
  6780 | D:8      | Killed Pikel
  6911 | D:8      | Found a burning altar of Makhleb.
  6929 | D:8      | Became a worshipper of Makhleb the Destroyer
  7280 | D:7      | Killed Prince Ribbit
  7751 | D:9      | Noticed a two-headed ogre
  7756 | D:9      | Killed a two-headed ogre
  7757 | D:9      | Reached skill level 12 in Unarmed Combat
  7812 | D:9      | Noticed a two-headed ogre
  7824 | D:9      | Killed a two-headed ogre
  8172 | D:10     | Entered Level 10 of the Dungeon
  8296 | D:10     | Reached * piety under Makhleb
  8301 | D:10     | Reached XP level 11. HP: 73/84 MP: 11/11
  8309 | D:10     | Reached skill level 1 in Evocations
  8345 | D:10     | Killed from afar by an orc priest

Illustrated notes

Levels and vault maps discovered:
D:1:      minmay_arrival_checkered_box, layout_basic, minmay_bisected
D:2:      layout_loops_ring, hellmonk_ecumenical_altar_pennies_from_heaven,
          st_stairs_14
D:3:      layout_loops_cross, serial_shops, shop
D:4:      layout_loops_ring, minmay_temple_entry_offerings, serial_demonic,
          serial_demonic_a, serial_demonic_c, serial_demonic_c,
          serial_demonic_c, uniq_edmund
D:5:      layout_rooms, mainiacjoe_overflow_alcove_1,
          mainiacjoe_overflow_tiny_flanked, serial_shops, nicolae_shop_drivethru
D:6:      layout_basic, nicolae_tso_besieged_by_evil,
          mainiacjoe_overflow_concentric_impassable, kennysheep_little_box,
          uniq_jeremiah, uniq_crazy_yiuf_cottage
D:7:      wad_river_or_something, layout_gridville, uniq_joseph,
          uniq_prince_ribbit1, uniq_duvessa
D:8:      layout_basic, mainiacjoe_overflow_paths, lemuel_round_altar,
          uniq_pikel
D:9:      layout_irregular_city, minivault_1
D:10:     layout_basic, dpeg_lair_monsters, erik_orc_4,
          gammafunk_ghost_wrathful_warriors, serial_curves, eino_curves_02,
          eino_curves_01
Temple:   nicolae_temple_superstar

Skill      XL: |  1  2  3  4  5  6  7  8  9 10 11 |
---------------+----------------------------------+-----
Stealth        | 1 3 4 |  4.4
Shapeshifting  | 4 5 6 7 |  7.0
Fighting       | 2 4 5 7 |  7.1
Dodging        | 3 4 5 7 8 |  8.8
Unarmed Combat | 4 5 8 10 12 | 12.4
Evocations     | 1 |  1.7

Action                     |  1- 3 |  4- 6 |  7- 9 | 10-12 || total
---------------------------+-------+-------+-------+-------++-------
  Melee: Unarmed           |    94 |   143 |   360 |   230 ||   827
         Bite              |     7 |     9 |    63 |    30 ||   109
         Punch             |       |     2 |       |       ||     2
  Throw: Stone             |       |     4 |       |       ||     4
  Evoke: Wand              |       |     5 |       |     7 ||    12
    Use: Potion            |       |     4 |     2 |       ||     6
         Scroll            |       |     5 |    17 |     1 ||    23
   Stab: Sleeping          |     4 |     4 |     1 |       ||     9
 Armour: Animal skin       |    51 |       |       |       ||    51
         Leather armour    |     6 |   106 |       |       ||   112
         Skin              |       |    21 |   156 |    59 ||   236
  Dodge: Dodged            |    34 |   147 |   279 |   166 ||   626
  Block: Other             |       |       |    33 |    38 ||    71
         Reflection        |       |       |     3 |     1 ||     4
   Form: Flux              |       |     1 |     1 |       ||     2
         Beast             |       |       |     1 |       ||     1

Table legend: (Time is in decaauts)
 A = Elapsed time spent in this place.
 B = Non-inter-level travel time spent in this place.
 C = Inter-level travel time spent in this place.
 D = Time resting spent in this place.
 E = Time spent auto-exploring this place.
 F = Levels seen in this place.
 G = Mean time per level.
                   A        B        C        D        E       F      G
               +--------+--------+--------+--------+--------+-----+--------+
         Total |   8230 |   7723 |    507 |    878 |   4838 |  11 |  748.2 |
       Dungeon |   8229 |   7722 |    507 |    878 |   4838 |  10 |  822.9 |
        Temple |      1 |      1 |      0 |      0 |      0 |   1 |    1.0 |
               +--------+--------+--------+--------+--------+-----+--------+

Top non-repeatable levels by time:
     D:6: 1382 daAuts
     D:7: 1363 daAuts
     D:4: 1107 daAuts
     D:8: 1017 daAuts
     D:2: 760 daAuts
     D:3: 720 daAuts
     D:5: 716 daAuts
     D:9: 687 daAuts
     D:1: 313 daAuts
    D:10: 159 daAuts
  Temple: 1 daAuts
